 Dungeon Crawl Stone Soup version 0.25-a0-697-g890751e744 (webtiles) character file.

Game seed: 12611833409071590696, levelgen mode: deterministic

129 Ashen the Conjurer (level 4, 0/36 HPs)
             Began as a Draconian Conjurer on Apr 1, 2020.
             Succumbed to a worker ant's poison
             ... on level 5 of the Dungeon.
             The game lasted 00:04:18 (1339 turns).

Ashen the Conjurer (Draconian Conjurer)             Turns: 1339, Time: 00:04:19

Health: 0/36       AC:  5    Str: 10    XL:     4   Next: 88%
Magic:  16/17      EV: 12    Int: 17    God:
Gold:   86         SH:  0    Dex: 11    Spells: 7/8 levels left

rFire    . . .     SeeInvis .   e - +0 whip (venom)
rCold    . . .     Gourm    .   (no shield)
rNeg     . . .     Faith    .   (armour unavailable)
rPois    .         Spirit   .   (helmet restricted)
rElec    .         Reflect  .   (no cloak)
rCorr    .         Harm     .   (no gloves)
MR       .....                  (no boots)
Stlth    ++........             (no amulet)
HPRegen  0.12/turn              a - ring of magical power
MPRegen  0.15/turn              (no ring)

@: lethally poisoned (0 -> -14)
A: unfitting armour, cold-blooded, AC +5
a: no special abilities


You were on level 5 of the Dungeon.
You were hungry.

You visited 1 branch of the dungeon, and saw 5 of its levels.

You collected 86 gold pieces.

Inventory:

Hand Weapons
 e - a +0 whip of venom (weapon)
 j - a +0 whip of venom
Jewellery
 a - a ring of magical power (left hand)
 o - an uncursed ring of magical power
Wands
 p - a wand of digging (6)
Scrolls
 g - a scroll of teleportation {unknown}
 h - a scroll of identify {unknown}
 k - a scroll of magic mapping {unknown}
 l - a scroll of blinking {unknown}
 n - a scroll of enchant weapon {unknown}
Potions
 c - a potion of invisibility {unknown}
 d - a potion of degeneration {unknown}
 f - a potion of cancellation {unknown}
 i - a potion of lignification {unknown}
 m - 2 potions of curing {unknown}
 q - a potion of brilliance {unknown}
Comestibles
 b - a ration


   Skills:
 + Level 1.8 Fighting
 + Level 2.6 Dodging
 + Level 2.7 Stealth
 + Level 2.7 Spellcasting
 + Level 4.5 Conjurations


You had 7 spell levels left.
You knew the following spells:

 Your Spells              Type           Power        Failure   Level  Hunger
a - Magic Dart            Conj           ###.         2%          1    #......

Your spell library contained the following spells:

 Spells                   Type           Power        Failure   Level  Hunger
 Searing Ray              Conj           ###...       4%          2    ##.....
 Dazzling Flash           Conj/Hex       ##....       22%         3    ###....
 Fulminant Prism          Conj/Hex       ##........   56%         4    #####..
 Iskenderun's Mystic Bla  Conj/Tloc      ##......     56%         4    #####..


Dungeon Overview and Level Annotations

Branches:
Dungeon (5/15)
 Temple: D:4-7

Altars:
Sif Muna
Uskayaw
Yredelemnul
The Shining One


Innate Abilities, Weirdness & Mutations

Your plain brown scales are hard. (AC +5)
You cannot fit into any form of body armour.
You are cold-blooded and may be slowed by cold attacks.


Message History

The worker ant bites you but does no damage.
You hit the worker ant but do no damage.
The worker ant is poisoned.
You feel sick. The worker ant bites you.
* * * LOW HITPOINT WARNING * * *
You hit the worker ant.
The worker ant looks as sick as possible!
The worker ant is heavily wounded.
The worker ant bites you.
* * * LOW HITPOINT WARNING * * *
You are more poisoned.
The worker ant poisons you!
You hit the worker ant.
You kill the worker ant!
Your life force feels restored.
* * * LOW HITPOINT WARNING * * *
You feel sick. The hound zombie bites you.
* * * LOW HITPOINT WARNING * * *
You hit the hound zombie.
The hound zombie is lightly damaged.
You die...

. ...
#######.....
#...........
#.#####[#...
#†# #Z# #@#
###


You could see a hound zombie.

Vanquished Creatures
  A howler monkey (D:5)
  2 worker ants (D:5)
  An adder (D:4)
  A gnoll (D:1)
  A dart slug (D:1)
  A leopard gecko (D:2)
  An orc (D:4)
  2 bats (D:1)
  3 giant cockroaches (D:1)
  4 kobolds (D:1)
  A frilled lizard (D:4)
  4 goblins
  3 rats (D:1)
25 creatures vanquished.

Notes
Turn   | Place    | Note
-------+----------+-------------------------------------------
     0 | D:1      | Ashen the Draconian Conjurer began the quest for the Orb.
     0 | D:1      | Reached XP level 1. HP: 14/14 MP: 3/3
   306 | D:1      | Reached XP level 2. HP: 5/22 MP: 5/5
   931 | D:2      | Reached XP level 3. HP: 27/27 MP: 6/6
  1025 | D:2      | You fall into a shaft and drop 2 floors!
  1032 | D:4      | Reached skill level 1 in Fighting
  1073 | D:3      | Found a basalt altar of Yredelemnul,
  1073 | D:3      | Found a glowing golden altar of the Shining One,
  1073 | D:3      | Found a hide-covered altar of Uskayaw,
  1073 | D:3      | Found a shimmering blue altar of Sif Muna,
  1148 | D:4      | Noticed a scorpion
  1190 | D:5      | Entered Level 5 of the Dungeon
  1326 | D:5      | Reached XP level 4. HP: 18/35 MP: 7/7
  1338 | D:5      | HP: 1/36 [hound zombie (2)]
  1339 | D:5      | Succumbed to a worker ant's poison

Levels and vault maps discovered:
D:1:      lightli_arrival_flooded_house, layout_loops_cross
D:2:      layout_basic, ashenzari_altar_1, chequers_ecumenical_altar_simple,
          hangedman_abyss_or_decor_lesser_grid, nicolae_gozag_seed_capital
D:3:      layout_basic, old_standard_altar, nicolae_overflow_hidden_temple,
          kennysheep_generic_room_9, uniq_robin
D:4:      layout_gridville, okawaru_metal_pillars_1_2,
          nemelex_xobeh_ov_fountains_minmay, serial_shops,
          kennysheep_little_box, kennysheep_decorative_pillar
D:5:      layout_basic, first_ration, minmay_fractal_squares_diagonal_5

Skill      XL: |  1  2  3 |
---------------+----------+-----
Stealth        | 2 |  2.7
Dodging        | 2 |  2.6
Fighting       | 1 |  1.8
Spellcasting   | |  2.7
Conjurations   | |  4.5

Action                   |  1- 3 |  4- 6 || total
-------------------------+-------+-------++-------
Melee: Unarmed           |    10 |       ||    10
       Whip              |    20 |    11 ||    31
       Tailslap          |     3 |     1 ||     4
 Cast: Magic Dart        |    37 |     1 ||    38
  Eat: Chunk             |     1 |       ||     1
Armor: Skin              |    11 |     1 ||    12
Dodge: Dodged            |    23 |     6 ||    29

Table legend:
 A = Non-vault XP
 B = Vault XP
 C = Vault XP percentage of total XP
 D = Non-vault monster count
 E = Vault monster count
 F = Vault count percentage of total count
                 A         B        C        D         E       F
            +---------+---------+-------+---------+---------+-------
      Total |      97 |      88 |  47.6 |      23 |       2 |   8.0
            +---------+---------+-------+---------+---------+-------
        D:1 |      40 |       0 |   0.0 |      17 |       0 |   0.0
        D:2 |       5 |       0 |   0.0 |       2 |       0 |   0.0
        D:4 |      18 |       0 |   0.0 |       3 |       0 |   0.0
        D:5 |      34 |      88 |  72.1 |       1 |       2 |  66.7
            +---------+---------+-------+---------+---------+-------
